 Dungeon Crawl Stone Soup version 0.29.1-13-g9f3cf754e1 (webtiles) character file.

Game seed: 613984054372376273

24 Booter the Chopper (level 3, -1/31 HPs)
             Began as a Hill Orc Berserker on Jan 27, 2023.
             Was a Follower of Trog.
             Slain by an adder (2 damage)
             ... on level 3 of the Dungeon.
             The game lasted 00:06:32 (1875 turns).

Booter the Chopper (Hill Orc Berserker)             Turns: 1875, Time: 00:06:32

Health: -1/31      AC:  2    Str: 21    XL:     3   Next: 2%
Magic:  3/3        EV: 12    Int:  7    God:    Trog [*.....]
Gold:   21         SH:  0    Dex: 10    Spells: 2/2 levels left

rFire   . . .      SeeInvis .   a - +0 hand axe
rCold   . . .      Faith    .   (no shield)
rNeg    . . .      Spirit   .   b - +0 animal skin
rPois   .          Reflect  .   (no helmet)
rElec   .          Harm     .   (no cloak)
rCorr   .          Rampage  .   (no gloves)
Will    .....                   (no boots)
Stlth   +.........              (no amulet)
HPRegen 0.10/turn               (no ring)
MPRegen 0.08/turn               (no ring)

@: lethally poisoned (-1 -> -4)
A: no striking features
a: Renounce Religion, Berserk


You were on level 3 of the Dungeon.
You worshipped Trog.
Trog was aware of your devotion.
You visited 1 branch of the dungeon, and saw 3 of its levels.

You collected 21 gold pieces.

Inventory:

Hand Weapons
 a - a +0 hand axe (weapon)
 c - a +0 mace
 d - a +0 dagger
Missiles
 f - 4 poisoned darts (quivered)
Armour
 b - a +0 animal skin (worn)
Potions
 e - a potion of berserk rage {unknown}


   Skills:
 - Level 3.6 Fighting
 + Level 4.7 Axes
 + Level 0.3(2.3) Maces & Flails
 + Level 2.4 Armour
 + Level 2.0 Dodging
 + Level 0.1 Stealth


You had 2 spell levels left.
You didn't know any spells.
Your spell library was empty.

Dungeon Overview and Level Annotations

Branches:
Dungeon (3/15)

Altars:


Message History

There are no items here.
Your movement speed is average.
Your attack delay is about 1.0.
Char dumped successfully.
An adder comes into view.
The adder hisses angrily.
Found a leather armour.
Char dumped successfully.
The adder bites you but does no damage.
You closely miss the adder. The adder bites you. The adder barely misses you.
You miss the adder. The adder barely misses you.
You barely miss the adder. The adder misses you.
You hit the adder but do no damage. The adder bites you but does no damage.
The adder bites you.
You are poisoned.
The adder poisons you!
You barely miss the adder.
You feel sick. The adder misses you.
You hit the adder.
The adder is lightly wounded.
You feel sick. The adder misses you. The adder bites you.
* * * LOW HITPOINT WARNING * * *
You miss the adder.
The adder is lightly wounded.
You feel sick. The adder bites you but does no damage.
You closely miss the adder.
The adder is lightly wounded.
You feel sick.
You are no longer poisoned.
The adder closely misses you. The adder closely misses you.
You closely miss the adder.
The adder is lightly wounded.
The adder closely misses you. The adder bites you.
* * * LOW HITPOINT WARNING * * *
You are lethally poisoned!
The adder poisons you!
You hit the adder.
The adder is heavily wounded.
* * * LOW HITPOINT WARNING * * *
You feel sick. The adder bites you.
You die...

#.# #.# #.# ##.#.#
...[## ### #.#..
..# #####.#.####.#
....$..@.....#
######.S#....#
#..#.#..#
#....#..##### ##
#.........†.######.
#......####........
##.##### #####....
.... #.##. .....#
#.##.


You could see an adder.

Vanquished Creatures
  An adder (D:2)
  A worm (D:3)
  A dart slug (D:1)
  An endoplasm (D:1)
  A goblin (D:1)
  A ball python (D:1)
  2 bats (D:1)
  A frilled lizard (D:1)
  A kobold (D:1)
  4 rats
14 creatures vanquished.

Vanquished Creatures (others)
  5 fungi (D:1)
  2 plants (D:1)
7 creatures vanquished.

Grand Total: 21 creatures vanquished

Notes
Turn   | Place    | Note
-------+----------+-------------------------------------------
     0 | D:1      | Booter the Hill Orc Berserker began the quest for the Orb.
     0 | D:1      | Reached XP level 1. HP: 19/19 MP: 1/1
   182 | D:1      | Found a faded altar of an unknown god.
   192 | D:1      | Reached XP level 2. HP: 6/26 MP: 2/2
  1838 | D:3      | Reached XP level 3. HP: 12/31 MP: 3/3
  1875 | D:3      | HP: 1/31 [poisoned by an adder]
  1875 | D:3      | Slain by an adder

Illustrated notes

Levels and vault maps discovered:
D:1:      heliophobic_arrival_enchanted_forest, layout_basic,
          shapermc_ecumenical_altar_mp_urbaneastern
D:2:      layout_basic, basic_altar, lexackson_kobold_supper
D:3:      layout_loops_cross

Skill      XL: |  1  2 |
---------------+-------+-----
Dodging        | 2 |  2.0
Fighting       | |  3.6
Axes           | |  4.7
Maces & Flails | |  0.3
Armour         | |  2.4
Stealth        | |  0.1

Action                   || total
-------------------------++-------
Melee: Hand axe          ||    68
       Mace              ||    10
       Punch             ||     1
Throw: Dart              ||     1
       Stone             ||     1
  Use: Scroll            ||     2
Armor: Animal skin       ||    20
Dodge: Dodged            ||    66
